Map: Dragon Scales LE

Players

Maldryl

  • Race: Zerg Zerg
  • League: Diamond
  • Spawn Location: 11:00

Æthelflæd - Winner!

  • Race: Terran Terran
  • League: Master
  • Spawn Location: 5:00

VOD

Have the link to the VOD?

Description

Time

  • Played on: May 12, 2023, 2:12 p.m.
  • Length: 13:15
Show
View Real Time Build Order
Export as new Build Order

Maldryl Zerg 

Build Orders: Pool First 

Get SALT Encoding   

  12  0:00  Drone  
  13  0:12  Overlord  
  13  0:16  Drone  
  14  0:30  Drone x2  
  14  0:35  Extractor, Drone  
  16  0:48  Spawning Pool  
  15  0:52  Drone  
  15  0:56  Drone  
  17  1:21  Hatchery  
  17  1:24  Drone  
  17  1:35  Zergling x2  
  18  1:40  Queen  
  20  1:51  Roach Warren  
  19  1:55  Drone  
  20  2:14  Overlord  
  20  2:15  Metabolic Boost  
  20  2:31  Roach  
  20  2:33  Roach  
  20  2:35  Roach  
  26  2:38  Queen  
  26  2:43  Zergling x2  
  29  2:49  Overlord  
  29  2:53  Ravager  
  30  2:59  Ravager  
  30  3:04  Zergling x6  
  34  3:21  Zergling x8  
  37  3:30  Ravager  
  37  3:33  Zergling x6  
  41  3:38  Overlord  
  40  3:59  Zergling x10  
  43  4:11  Zergling x8  
  46  4:21  Zergling x2  
  43  4:26  Zergling x2  
  34  4:39  Zergling x4  
  34  4:42  Zergling x2  
  34  4:45  Zergling x2  
  35  4:55  Zergling x4  
  31  5:08  Zergling x4  
  31  5:09  Zergling x8  
  35  5:18  Zergling x4  
  35  5:29  Zergling x4  
  35  5:35  Drone x5  
  38  5:45  Drone x3  
  41  5:51  Drone  
  42  5:58  Drone x2  
  42  6:02  Overlord  
  44  6:06  Overlord  
  44  6:22  Zergling x14  
  42  6:29  Drone  
  42  6:31  Drone x2  
  42  6:33  Baneling Nest  
  42  6:38  Zergling x8  
  45  6:46  Drone x3  
  48  6:55  Lair  
  48  6:57  Zergling x4  
  48  6:59  Spore Crawler  
  48  7:00  Spore Crawler  
  48  7:08  Zergling x8  
  52  7:17  Overlord  
  52  7:21  Queen  
  54  7:23  Zergling x6  
  57  7:32  Overlord x2  
  57  7:40  Hatchery  
  56  7:46  Evolution Chamber  
  55  7:58  Drone x4  
  59  8:04  Drone  
  59  8:05  Drone x3  
  63  8:06  Evolution Chamber  
  62  8:15  Overlord  
  62  8:21  Drone x3  
  62  8:22  Extractor  
  64  8:30  Zergling x14  
  64  8:33  Zerg Melee Weapons Level 1  
  71  8:35  Zerg Ground Armor Level 1  
  71  8:43  Zergling x6  
  71  8:45  Centrifugal Hooks  
  74  8:51  Zergling x2  
  75  8:58  Overlord  
  75  9:02  Zergling x8  
  78  9:07  Drone x4  
  82  9:15  Zergling x6  
  85  9:19  Drone, Queen  
  85  9:21  Drone  
  89  9:34  Drone x2  
  89  9:35  Drone, Overlord x2  
  92  9:43  Zergling x10  
  97  9:51  Zergling x2  
  98  9:53  Overlord  
  98  10:00  Zergling x14  
  104  10:08  Baneling x17  
  104  10:10  Zergling x4  
  104  10:11  Zergling x4  
  108  10:15  Overlord  
  108  10:16  Zergling x4  
  108  10:40  Zergling x22  
  118  10:45  Zergling x2  
  75  11:00  Zergling x22  
  75  11:02  Baneling x11  
  78  11:09  Zergling x8  
  82  11:18  Zergling x4  
  84  11:21  Hatchery  
  84  11:25  Drone x4  
  87  11:33  Drone x3  
  87  11:39  Zergling x4  
  96  11:40  Zergling x8  
  96  11:53  Zergling x14  
  103  12:04  Zergling x16  
  111  12:14  Zergling x6  
  111  12:27  Zergling x12  
  111  12:28  Drone  
  118  12:37  Drone x8  
  118  12:43  Hatchery  
  127  12:44  Baneling x16  
Show
View Real Time Build Order
Export as new Build Order

Æthelflæd Terran - Winner!

Build Orders: Reaper Expand 

Get SALT Encoding   

  12  0:00  SCV  
  13  0:12  SCV  
  14  0:17  Supply Depot  
  14  0:24  SCV  
  15  0:38  SCV  
  15  0:40  Barracks  
  16  0:43  Refinery  
  16  0:50  SCV  
  17  1:02  SCV  
  18  1:15  SCV  
  19  1:27  Orbital Command, Reaper  
  20  1:39  Command Center  
  20  1:49  Supply Depot  
  20  1:53  SCV  
  21  1:59  Marine  
  22  2:05  SCV  
  23  2:15  Factory  
  22  2:16  Marine  
  22  2:19  SCV  
  24  2:31  SCV, Bunker  
  24  2:34  Marine  
  26  2:40  Bunker  
  26  2:43  SCV  
  27  2:53  Orbital Command  
  27  2:55  SCV  
  28  2:59  Marine, Refinery  
  28  3:00  Factory Tech Lab  
  29  3:06  Starport  
  29  3:09  SCV  
  30  3:21  SCV  
  31  3:28  Cyclone  
  31  3:34  SCV x2  
  36  3:37  Barracks Reactor  
  36  3:46  Command Center  
  36  3:47  SCV  
  37  3:49  SCV  
  38  4:00  Orbital Command  
  38  4:03  Starport Tech Lab  
  38  4:04  Siege Tank  
  39  4:22  SCV  
  36  4:28  SCV  
  33  4:34  SCV  
  34  4:39  Siege Tank  
  34  4:40  SCV  
  35  4:46  SCV  
  34  4:53  SCV  
  34  4:54  Marine x2  
  33  5:08  SCV x2  
  35  5:18  Orbital Command  
  35  5:20  Marine x2  
  36  5:27  Orbital Command  
  36  5:30  SCV  
  36  5:32  Banshee  
  37  5:38  Marine x2  
  37  5:42  SCV  
  40  5:49  Barracks  
  40  5:50  Barracks  
  40  5:52  SCV  
  40  5:54  SCV  
  42  5:59  Marine x2  
  42  6:02  Siege Tank  
  47  6:06  SCV x2  
  47  6:07  Refinery  
  47  6:09  SCV  
  50  6:18  SCV  
  41  6:26  SCV x2  
  41  6:30  Marine x2  
  45  6:35  Siege Tank  
  45  6:38  SCV x2  
  45  6:39  Starport Reactor  
  50  6:40  Barracks Tech Lab  
  50  6:41  SCV  
  51  6:50  SCV  
  51  6:52  Marine, Supply Depot  
  53  6:54  Supply Depot  
  53  6:57  Stimpack  
  53  7:13  Marine x3, Refinery, SCV x3  
  53  7:14  Marine  
  60  7:19  Combat Shield  
  57  7:25  SCV x2  
  59  7:31  Marine  
  59  7:33  Marine x2, Supply Depot  
  59  7:34  Marine, Supply Depot  
  59  7:35  Medivac  
  65  7:37  SCV, Supply Depot  
  65  7:38  SCV  
  65  7:40  Barracks  
  65  7:41  Barracks  
  67  7:49  Marine, Engineering Bay  
  68  7:52  Engineering Bay  
  68  7:54  SCV x2  
  68  7:55  SCV  
  71  8:02  Medivac  
  71  8:03  Marine  
  71  8:04  Marine x2  
  71  8:05  Medivac  
  78  8:06  SCV  
  78  8:07  SCV  
  78  8:08  Orbital Command  
  80  8:14  Supply Depot  
  80  8:16  Supply Depot  
  80  8:17  Marine  
  80  8:18  Terran Infantry Weapons Level 1, SCV, Terran Infantry Armor Level 1  
  82  8:21  Marine  
  82  8:22  Marine  
  82  8:24  Marine  
  85  8:27  Supply Depot  
  85  8:28  Barracks Reactor x2  
  85  8:32  SCV x2  
  87  8:35  SCV, Marine  
  87  8:41  Siege Tank  
  92  8:42  Marine  
  92  8:43  Marine x2  
  92  8:44  SCV  
  96  8:49  Medivac  
  96  8:51  SCV x2  
  96  8:53  Marine  
  101  8:56  SCV  
  101  9:00  Marine x2, Supply Depot  
  104  9:03  Armory  
  104  9:07  Medivac  
  104  9:08  SCV x2  
  108  9:12  Marine x3, Supply Depot  
  108  9:14  Supply Depot  
  111  9:23  Marine x3  
  111  9:24  Marauder, Marine  
  117  9:27  Siege Tank  
  117  9:29  Marine  
  117  9:30  Marine  
  122  9:35  Supply Depot  
  122  9:38  SCV  
  122  9:39  SCV x2, Supply Depot  
  122  9:40  Marine  
  122  9:41  Marine x2  
  128  9:45  Medivac  
  128  9:46  Medivac  
  128  9:48  Factory  
  132  9:54  Refinery  
  132  9:57  SCV x3  
  132  9:59  Supply Depot  
  135  10:00  Supply Depot  
  135  10:02  Marine x3  
  135  10:03  Marine x3  
  141  10:08  Refinery  
  141  10:12  Siege Tank  
  144  10:18  Marine x2  
  144  10:20  Marine x2  
  148  10:30  Command Center  
  147  10:37  Bunker  
  147  10:41  Marine  
  147  10:42  Marine, Marauder x2  
  146  10:43  Marine x2  
  146  10:44  Siege Tank  
  149  10:56  Marine x2  
  123  11:01  Marine  
  123  11:03  Marauder x2  
  128  11:04  Medivac  
  128  11:06  Medivac  
  128  11:09  Barracks, Terran Vehicle Weapons Level 1  
  128  11:10  Barracks  
  132  11:14  Supply Depot  
  132  11:21  Marine x6  
  132  11:23  Concussive Shells  
  132  11:24  Marine  
  139  11:27  Factory Tech Lab  
  139  11:28  Siege Tank  
  142  11:37  Marauder  
  142  11:38  Marine  
  142  11:39  Marine x3  
  148  11:43  Barracks  
  148  11:48  Missile Turret  
  148  11:50  Missile Turret  
  148  11:54  Marine  
  148  11:55  Marine, Marauder  
  148  11:56  Marine  
  148  11:58  Marauder  
  148  11:59  Barracks Tech Lab x2  
  155  12:04  SCV x3  
  150  12:16  Marauder  
  150  12:19  Marauder  
  154  12:23  Marine x4, Marauder  
  154  12:26  Siege Tank x2  
  166  12:30  SCV x2  
  166  12:32  Marine, Marauder  
  166  12:35  Barracks Tech Lab  
  171  12:39  Ghost Academy  
  171  12:52  Marine  
  171  12:53  Marine, Marauder x2  
Tags
 
Add a new tag
Caveats
  • Supply blocks, unpowered buildings, or Contaminate may cause inaccurate times.
  • Supply counts are checked every 10 seconds.